Map: Orbital Shipyard

Players

EndOfLine

  • Race: Zerg Zerg
  • League: Master

Pure - Winner!

  • Race: Protoss Protoss
  • League: Diamond

Event: ASL Season 5 Prime League LOTV Beta

VOD

Have the link to the VOD?

Description

Time

  • Played on: Sept. 1, 2015, 9:04 p.m.
  • Length: 11:51

All games in this series

Show
View Real Time Build Order
Export as new Build Order

EndOfLine Zerg 

Build Orders: Hatch First 

Get SALT Encoding   

  12  0:00  Drone  
  13  0:12  Overlord  
  13  0:18  Drone  
  14  0:31  Drone x2  
  14  0:35  Drone  
  17  0:45  Drone  
  18  0:55  Hatchery  
  17  0:58  Drone  
  18  1:11  Spawning Pool  
  18  1:12  Drone  
  18  1:16  Extractor  
  18  1:18  Drone  
  18  1:40  Hatchery  
  18  1:43  Drone x2  
  19  1:58  Queen  
  21  2:06  Queen  
  21  2:07  Zergling x2  
  24  2:10  Zergling x2  
  24  2:14  Zergling x2  
  26  2:18  Drone  
  26  2:20  Drone  
  28  2:27  Metabolic Boost  
  28  2:35  Spine Crawler  
  27  2:39  Zergling x2  
  28  2:47  Overlord  
  28  2:53  Zergling x6  
  28  2:56  Zergling x2  
  29  3:00  Zergling x2  
  29  3:02  Zergling x2  
  30  3:07  Zergling x2  
  30  3:10  Zergling x2  
  32  3:14  Zergling x4  
  31  3:23  Drone x3  
  32  3:41  Roach Warren, Drone x3  
  33  3:47  Drone x2  
  36  3:54  Drone x2  
  38  3:58  Drone  
  38  3:59  Drone  
  40  4:04  Overlord  
  40  4:14  Drone  
  40  4:15  Drone  
  41  4:19  Lair  
  41  4:23  Evolution Chamber  
  40  4:29  Pneumatized Carapace  
  40  4:37  Drone x2  
  40  4:38  Drone x6  
  48  4:46  Extractor  
  47  4:55  Overlord  
  47  4:56  Overlord x2  
  47  4:58  Zerg Missile Weapons Level 1  
  47  5:07  Overlord, Roach  
  53  5:14  Roach x4  
  53  5:31  Extractor  
  53  5:32  Drone  
  53  5:33  Drone x4  
  57  5:40  Drone  
  57  5:41  Drone x4  
  61  5:43  Roach  
  61  5:44  Extractor  
  61  5:45  Extractor  
  60  5:54  Drone  
  60  5:55  Drone x3  
  64  5:57  Extractor  
  64  5:58  Overlord x2  
  64  6:02  Spore Crawler  
  62  6:05  Overlord x2  
  62  6:09  Hydralisk Den  
  62  6:10  Drone x2  
  63  6:25  Drone x4  
  67  6:26  Roach x2  
  67  6:29  Queen  
  67  6:31  Roach  
  67  6:32  Overlord  
  77  6:37  Roach x2  
  81  6:52  Hydralisk, Roach x2  
  85  6:55  Hydralisk x3  
  85  6:57  Hydralisk  
  93  7:07  Hydralisk  
  93  7:10  Hydralisk  
  93  7:14  Spore Crawler  
  94  7:17  Hydralisk  
  94  7:19  Hydralisk  
  94  7:25  Queen  
  94  7:28  Hydralisk x3  
  92  7:41  Muscular Augments  
  88  7:49  Zerg Ground Armor Level 1  
  88  7:50  Hatchery  
  87  7:58  Drone x5, Spore Crawler  
  90  8:04  Queen  
  93  8:05  Hydralisk  
  93  8:07  Hydralisk  
  93  8:09  Hydralisk  
  99  8:15  Overlord  
  99  8:21  Ravager  
  99  8:23  Overlord x2  
  100  8:36  Ravager  
  100  8:38  Ravager x2  
  100  8:39  Ravager x2, Hydralisk  
  100  8:40  Hydralisk  
  109  8:41  Hydralisk x2  
  109  8:43  Drone  
  109  8:47  Overseer  
  114  8:54  Hatchery  
  113  8:56  Roach x2  
  113  9:01  Glial Reconstitution  
  118  9:02  Drone  
  118  9:03  Drone  
  118  9:06  Drone  
  118  9:07  Drone x2  
  122  9:13  Hydralisk x2  
  122  9:15  Zergling x4  
  128  9:19  Hydralisk  
  130  9:28  Overlord x3  
  130  9:43  Overlord x3  
  130  9:49  Hydralisk x3  
  130  9:51  Zergling x4  
  138  9:58  Spire  
  137  10:07  Roach x5  
  124  10:25  Hydralisk x7  
  124  10:26  Hydralisk  
  135  10:30  Drone x2  
  137  10:40  Infestation Pit  
  137  10:41  Drone x3  
  137  10:42  Drone x5  
  144  10:56  Overlord  
  144  10:57  Overlord x2  
  143  11:03  Hydralisk  
  143  11:04  Hydralisk x4  
  141  11:05  Hydralisk  
  141  11:08  Hydralisk  
  144  11:11  Hydralisk  
  144  11:13  Hydralisk  
  144  11:18  Overlord x2  
  147  11:25  Hydralisk x2  
  127  11:30  Zergling x10  
Show
View Real Time Build Order
Export as new Build Order

Pure Protoss - Winner!

Build Orders:  

Get SALT Encoding   

  12  0:00  Probe  
  13  0:12  Probe  
  14  0:19  Pylon  
  14  0:25  Probe  
  15  0:37  Probe  
  16  0:49  Probe  
  17  1:01  Probe  
  18  1:06  Nexus  
  18  1:14  Probe  
  19  1:21  Forge  
  19  1:26  Probe  
  19  1:30  Pylon  
  20  1:37  Gateway  
  20  1:44  Assimilator  
  20  1:55  Photon Cannon  
  20  2:01  Photon Cannon  
  20  2:04  Probe  
  21  2:16  Probe  
  21  2:19  Photon Cannon  
  21  2:22  Probe  
  23  2:37  Probe x2  
  23  2:42  Cybernetics Core  
  23  2:43  Assimilator  
  24  2:54  Probe x2  
  26  3:06  Probe x2  
  26  3:08  Pylon  
  26  3:10  Pylon  
  28  3:18  Probe x2  
  30  3:30  Probe x2  
  32  3:39  Stargate  
  32  3:42  Probe  
  32  3:43  Probe  
  32  3:47  Stargate  
  34  3:50  Assimilator  
  34  3:51  Assimilator  
  34  3:54  Probe  
  34  3:55  Probe  
  36  3:56  Stalker  
  38  4:07  Probe x2  
  40  4:10  Pylon  
  40  4:16  Photon Cannon  
  40  4:19  Probe x2  
  42  4:31  Probe x2  
  44  4:32  Void Ray  
  48  4:43  Probe x2  
  50  4:46  Void Ray  
  50  4:48  Pylon  
  54  4:55  Photon Cannon  
  54  5:02  Pylon  
  54  5:09  Pylon  
  54  5:19  Void Ray  
  54  5:20  Probe x2, Zealot  
  62  5:29  Void Ray  
  62  5:32  Probe x2  
  68  5:44  Mothership Core  
  68  5:47  Fleet Beacon  
  70  6:04  Nexus  
  70  6:06  Pylon  
  70  6:10  Protoss Air Weapons Level 1  
  70  6:18  Carrier  
  70  6:22  Pylon  
  70  6:25  Sentry, Probe, Photon Cannon  
  73  6:27  Photon Cannon  
  73  6:29  Pylon  
  73  6:31  Photon Cannon  
  73  6:32  Probe  
  74  6:34  Carrier  
  80  7:23  Carrier  
  76  7:33  Probe x2  
  76  7:35  Photon Cannon  
  78  7:38  Carrier, Photon Cannon  
  78  7:40  Probe  
  78  7:44  Pylon, Photon Cannon  
  79  7:45  Probe x2  
  79  7:46  Pylon  
  79  7:48  Photon Cannon  
  79  7:51  Photon Cannon  
  87  7:53  Probe  
  87  7:55  Pylon  
  87  7:57  Probe x2  
  90  8:00  Photon Cannon  
  96  8:07  Probe  
  96  8:09  Probe x2  
  96  8:11  Assimilator  
  99  8:15  Assimilator  
  99  8:16  Protoss Air Weapons Level 2  
  99  8:19  Probe  
  100  8:21  Probe x2  
  102  8:29  Carrier  
  102  8:32  Graviton Catapult, Pylon  
  102  8:36  Probe  
  102  8:37  Probe x2  
  105  8:44  Carrier  
  105  8:54  Nexus  
  105  8:55  Pylon  
  111  9:01  Probe x2  
  111  9:02  Probe  
  120  9:39  Probe  
  120  9:40  Probe x2, Stargate  
  120  9:42  Photon Cannon  
  120  9:44  Pylon, Photon Cannon  
  120  9:45  Pylon  
  123  9:46  Carrier  
  123  9:52  Nexus  
  123  9:55  Pylon  
  123  10:02  Photon Cannon  
  123  10:03  Photon Cannon  
  123  10:10  Carrier x2  
  128  10:25  Photon Cannon  
  128  10:27  Photon Cannon  
  140  10:38  Assimilator  
  140  10:40  Photon Cannon, Assimilator  
  140  10:42  Photon Cannon  
  140  10:44  Photon Cannon  
  140  10:46  Pylon  
  140  10:57  Photon Cannon  
  140  10:59  Pylon  
  140  11:14  Probe x4  
  148  11:31  Probe x3  
Tags
 
Add a new tag
Caveats
  • Supply blocks, unpowered buildings, or Contaminate may cause inaccurate times.
  • Supply counts are checked every 10 seconds.